 Dungeon Crawl Stone Soup version 0.20-a0-923-g548304e (webtiles) character file.

1521 Rrauwl the Basher (level 8, -7/74 HPs)
             Began as a Troll Fighter on Mar 26, 2017.
             Was a Follower of Okawaru.
             Mangled by Silverhawk's ghost (21 damage)
             ... on level 6 of the Dungeon.
             The game lasted 00:17:06 (4945 turns).

Rrauwl the Basher (Troll Fighter)                   Turns: 4945, Time: 00:17:07

Health: -7/74      AC:  6    Str: 26    XL:     8   Next: 54%
Magic:  5/7        EV: 15    Int:  4    God:    Okawaru [*.....]
Gold:   332        SH: 11    Dex: 10    Spells: 7/7 levels left

rFire    . . .     SeeInvis .   s - +3 flail (crush)
rCold    . . .     Gourm    +   c - +0 shield
rNeg     . . .     Faith    .   b - +1 robe
rPois    .         Spirit   .   (helmet restricted)
rElec    .         Reflect  .   (no cloak)
rCorr    .         Harm     .   (gloves unavailable)
MR       .....     Clarity  +   (boots unavailable)
Stlth    +++.......             (no amulet)
Regen    0.7/turn               o - +3 ring of evasion
MPRegen  0.1/turn               u - +4 ring of slaying

@: heroism
A: unfitting armour, claws 3, blink, clarity, fast metabolism 3, gourmand,
regeneration 1, shaggy fur 1, tough skin 2
a: Blink, Heroism, Renounce Religion


You were on level 6 of the Dungeon.
You worshipped Okawaru.
Okawaru was aware of your devotion.
You were completely stuffed.

You visited 1 branch of the dungeon, and saw 6 of its levels.
You also visited: Sewer.

You collected 332 gold pieces.

Inventory:

Hand Weapons
 s - a +3 flail of crushing (weapon)
Armour
 b - a +1 robe (worn)
 c - a +0 shield (worn)
Jewellery
 i - an uncursed ring of poison resistance
 o - a +3 ring of evasion (left claw)
 u - a +4 ring of slaying (right claw)
 v - an uncursed ring of magical power
 w - an uncursed ring of stealth
Wands
 a - a wand of paralysis (14/24)
 d - a wand of iceblast (9/15)
Scrolls
 e - 3 scrolls of identify
 g - 6 scrolls of teleportation
 h - 4 scrolls of remove curse
 l - 3 scrolls of blinking
 n - 4 scrolls of amnesia
 p - 2 scrolls of fog
 r - a scroll of enchant armour
 y - 3 scrolls of fear
Potions
 j - 2 potions of flight
 m - 2 potions of mutation
 x - a potion of resistance
 z - a potion of curing
Comestibles
 f - 6 bread rations
 k - a chunk of flesh
 q - a meat ration
 t - 2 royal jellies


   Skills:
 - Level 2.4(7.4) Fighting
 + Level 10.0(15.0) Maces & Flails
 - Level 2.4(7.4) Dodging
 - Level 2.4(7.4) Shields


You had 7 spell levels left.
You didn't know any spells.

Dungeon Overview and Level Annotations

Branches:
Dungeon (6/15)             Temple (0/1) D:4

Altars:
Okawaru

Shops:
D:6 :

Annotations:
D:6 Silverhawk's ghost, novice TrBe


Innate Abilities, Weirdness & Mutations

You are too large for most types of armour.
You have claws for hands.
Your metabolism is lightning-fast.
You like to eat raw meat.
Your natural rate of healing is unusually fast.
You are covered in fur. (AC +1)
You have very tough skin. (AC +2)
You can translocate small distances at will.
You possess an exceptional clarity of mind.


Message History

Silverhawk's ghost is moderately damaged.
You thump Silverhawk's ghost!
Silverhawk's ghost is heavily damaged.
You block Silverhawk's ghost's attack.
You closely miss Silverhawk's ghost.
Silverhawk's ghost is heavily damaged.
Silverhawk's ghost hits you.
You sock Silverhawk's ghost!
Silverhawk's ghost is severely damaged.
Silverhawk's ghost hits you!
You hit Silverhawk's ghost.
Silverhawk's ghost is severely damaged.
You hit Silverhawk's ghost.
Silverhawk's ghost is severely damaged.
Silverhawk's ghost hits you!
* * * LOW HITPOINT WARNING * * *
You miss Silverhawk's ghost.
Silverhawk's ghost is severely damaged.
Silverhawk's ghost hits you!!
You die...

#............#.#
#............#.#
#............#(#
#.......#'####.#
#.......#.# #.#######
#.......#.# #........
##+######.####.########
#.......<......
#######@#######
#.W....... #..#######
#..# #..# #..# #...
##.#


You could see Silverhawk's ghost.

Vanquished Creatures
  Menkaure (D:6)
  Duvessa (D:5)
  An orc warrior (D:4)
  An ice beast (D:5)
  A centaur (D:5)
  2 ogres
  Blork the orc (D:4)
  A bullfrog (D:5)
  A scorpion (D:4)
  Dowan (D:5)
  A quasit (D:5)
  A jelly (D:5)
  An orc wizard (D:4)
  3 orc priests
  A hound (D:3)
  Ijyb (D:4)
  2 worker ants (D:4)
  Natasha (thrice) (D:3)
  A gnoll (D:1)
  8 adders
  6 oozes
  An adder zombie (D:5)
  An adder skeleton (D:5)
  6 worms
  A dart slug (D:2)
  7 leopard geckos
  13 orcs
  2 ball pythons (Sewer)
  8 giant cockroaches
  11 goblins
  9 hobgoblins
  16 jackals
  6 kobolds
  3 quokkas
  12 bats
  8 frilled lizards
  A giant cockroach zombie (D:5)
  A quokka zombie (D:3)
  7 rats
152 creatures vanquished.

Notes
Turn   | Place    | Note
-------+----------+-------------------------------------------
     0 | D:1      | Rrauwl the Troll Fighter began the quest for the Orb.
     0 | D:1      | Reached XP level 1. HP: 22/22 MP: 0/0
     9 | D:1      | Reached skill level 2 in Maces & Flails
     9 | D:1      | Reached XP level 2. HP: 10/29 MP: 1/1
   370 | D:1      | Reached skill level 3 in Maces & Flails
   378 | D:1      | Reached XP level 3. HP: 33/36 MP: 2/2
  1117 | D:2      | Reached XP level 4. HP: 44/44 MP: 3/3
  1134 | D:2      | Reached skill level 4 in Maces & Flails
  1995 | D:3      | Found a glowing drain.
  2002 | Sewer    | Entered a sewer
  2043 | Sewer    | Reached XP level 5. HP: 50/50 MP: 4/4
  2403 | Sewer    | Reached skill level 5 in Maces & Flails
  2850 | D:3      | Noticed Natasha
  2857 | D:3      | Killed Natasha
  2998 | D:3      | Noticed Natasha
  3004 | D:3      | Killed Natasha
  3059 | D:3      | Noticed Natasha
  3065 | D:3      | Killed Natasha
  3065 | D:3      | Reached XP level 6. HP: 59/59 MP: 5/5
  3177 | D:4      | Noticed Blork the orc
  3192 | D:4      | Killed Blork the orc
  3192 | D:4      | Reached skill level 6 in Maces & Flails
  3218 | D:4      | Noticed Ijyb
  3222 | D:4      | Killed Ijyb
  3368 | D:4      | Reached skill level 7 in Maces & Flails
  3368 | D:4      | Reached XP level 7. HP: 66/66 MP: 6/6
  3608 | D:4      | Reached skill level 8 in Maces & Flails
  3621 | D:4      | Found a staircase to the Ecumenical Temple.
  3737 | D:5      | Entered Level 5 of the Dungeon
  3777 | D:5      | Found an iron altar of Okawaru.
  3782 | D:5      | Became a worshipper of Warmaster Okawaru
  3967 | D:5      | Reached XP level 8. HP: 64/74 MP: 7/7
  4181 | D:5      | Noticed Dowan
  4183 | D:5      | Noticed Duvessa
  4187 | D:5      | Killed Dowan
  4187 | D:5      | Reached * piety under Okawaru
  4187 | D:5      | Reached skill level 9 in Maces & Flails
  4197 | D:5      | Killed Duvessa
  4789 | D:6      | Found Zoyh's Book Shop.
  4797 | D:6      | Noticed Menkaure
  4806 | D:6      | Killed Menkaure
  4806 | D:6      | Reached skill level 10 in Maces & Flails
  4813 | D:6      | Gained mutation: You can translocate small distances at will. [potion of mutation]
  4813 | D:6      | Gained mutation: You possess an exceptional clarity of mind. [potion of mutation]
  4931 | D:6      | Noticed Silverhawk's ghost (novice TrBe)
  4945 | D:6      | Mangled by Silverhawk's ghost

Vault maps used:
D:1:      dpeg_arrival_court, minmay_pentomino_q4
D:2:      serial_bayou, serial_bayou_lagoon_b, serial_bayou_lagoon_a,
          serial_bayou_lake_a, serial_bayou_crossing, st_stairs_10,
          eino_tiny_chamber
D:3:      lightli_sewer_entry_pipes, uniq_sigmund, uniq_natasha
D:4:      temple_statues, first_bread, uniq_iyjb, uniq_blork_the_orc
D:5:      basic_altar, kennysheep_flooded_box, uniq_duvessa
D:6:      serial_shops, kennysheep_little_box, shop, shop_statue,
          uniq_eustachio, uniq_menkaure
Sewer:    sewer_fruit_machine

Skill      XL: |  1  2  3  4  5  6  7  8 |
---------------+-------------------------+-----
Maces & Flails | 2 3 4 5 7 8 10 | 10.0
Fighting       | |  2.4
Dodging        | |  2.4
Shields        | |  2.4

Action                   |  1- 3 |  4- 6 |  7- 9 || total
-------------------------+-------+-------+-------++-------
Melee: Flail             |   151 |   194 |   108 ||   453
Invok: Heroism           |       |       |     1 ||     1
  Use: Scroll            |       |     9 |     1 ||    10
       Potion            |       |    11 |     6 ||    17
  Eat: Chunk             |    17 |    22 |    15 ||    54
Armor: Robe              |    73 |    78 |    17 ||   168
Dodge: Dodged            |    98 |   113 |    31 ||   242
Block: Shield            |    89 |   100 |    48 ||   237
